AoeStats
← cizma_cile

Fortress

508910148Analyzed
3v3 RM · 9d ago on Sep 24, 2026· 36m 35s· 6 players
Game mode
Random Map
Map size
Large (8 player)
Population
200
Speed
Normal
Resources
Standard
Victory
Conquest
Starting age
Dark Age
Ending age
Imperial Age
RankedLock teamsTeams togetherTeam positionsShared explorationLock speedFull tech treeHidden civsTurbo modeCheats
Victory
Defeat
🇹🇷 Huns · Türkiye
1167
+15
🇧🇦 Britons · Bosnia & Herzegovina
1143
+16
🇩🇪 Goths · Germany
1075
+19
🇫🇷 Celts · France
1184
-18
🇨🇴 Ethiopians · Colombia
1150
-17
🇨🇦 Turks · Canada
1113
-15
DiosReus
6:53 Feudal Age
11:27 Wheelbarrow
13:52 Castle Age
12:11 Horse Collar
12:25 Gold Mining
12:28 Stone Mining
15:15 Crossbowman
Anonymous
8:22 Feudal Age
10:45 Double-Bit Axe
11:53 Horse Collar
14:29 Castle Age
15:51 Gold Mining
18:28 Bow Saw
25:21 Imperial Age
24:49 Loom
25:40 Wheelbarrow
27:10 Hand Cart
33:02 Forging
32:47 Elite Janissary
34:21 Iron Casting
36:03 Blast Furnace
35:22 Scale Mail Armor
TheAurelSan
7:33 Feudal Age
7:02 Loom
12:33 Castle Age
10:55 Gold Mining
11:19 Double-Bit Axe
13:03 Wheelbarrow
14:53 Bow Saw
cizma_cile
2:50 Loom
8:06 Feudal Age
8:58 Double-Bit Axe
12:30 Castle Age
10:58 Horse Collar
11:28 Scale Mail Armor
13:38 Bow Saw
14:23 Anarchy
20:00 Forging
22:07 Chain Mail Armor
23:54 Wheelbarrow
26:52 Iron Casting
34:22 Imperial Age
32:57 Heavy Plow
32:54 Gold Mining
34:01 Hand Cart
35:15 Scale Barding Armor
36:13 Blast Furnace
Popajaa
0:31 Loom
7:49 Feudal Age
12:16 Castle Age
10:39 Double-Bit Axe
10:39 Horse Collar
10:53 Gold Mining
13:56 Bow Saw
15:29 Wheelbarrow
15:03 Fletching
16:43 Crossbowman
18:22 Pikeman
19:09 Gambesons
24:43 Heavy Plow
27:33 Hand Cart
31:08 Imperial Age
29:50 Padded Archer Armor
29:45 Bodkin Arrow
31:39 Gold Shaft Mining
31:25 Leather Archer Armor
32:54 Two-Man Saw
32:01 Arbalester
33:44 Ballistics
34:05 Bracer
33:32 Capped Ram
36:58 Ring Archer Armor
37:35 Chemistry
Jewish MasterMind
7:36 Feudal Age
11:57 Castle Age
11:12 Double-Bit Axe
12:40 Scale Barding Armor
12:47 Forging
17:51 Loom
20:31 Husbandry
22:09 Town Watch
24:12 Iron Casting
24:17 Wheelbarrow
23:39 Gold Mining
28:04 Hand Cart
28:13 Bow Saw
28:34 Horse Collar
29:55 Marauders
32:41 Imperial Age
30:54 Chain Barding Armor
30:48 Bloodlines
30:54 Town Patrol
31:20 Heavy Plow
32:07 Gold Shaft Mining
31:26 Stone Mining
33:02 Fervor
32:46 Elite Tarkan
34:49 Two-Man Saw
34:29 Plate Barding Armor
34:55 Blast Furnace
34:56 Cavalier
35:47 Fletching
35:59 Murder Holes
36:14 Masonry
Connection lost

Rejoining the realm…

Still unreachable

The connection could not be restored.

Session expired

The server has moved on; the page needs a fresh start.